 Dungeon Crawl Stone Soup version 0.20.0-15-g7f486f2 (webtiles) character file.

456 JeffiDaFish the Sneak (level 6, 0/30 HPs)
             Began as a Spriggan Conjurer on June 15, 2017.
             Was an Initiate of Sif Muna.
             Slain by a sky beast (3 damage)
             ... on level 5 of the Dungeon.
             The game lasted 00:22:26 (5654 turns).

JeffiDaFish the Sneak (Spriggan Conjurer)           Turns: 5654, Time: 00:22:27

Health: 0/30       AC:  5    Str:  4    XL:     6   Next: 77%
Magic:  2/13       EV: 19    Int: 16    God:    Sif Muna [......]
Gold:   250        SH:  6    Dex: 21    Spells: 1/13 levels left

rFire    x . .     SeeInvis +   e - +0 rapier
rCold    + . .     Gourm    .   k - +0 buckler
rNeg     . . .     Faith    .   a - +1 robe
rPois    .         Spirit   .   (helmet restricted)
rElec    .         Reflect  .   l - +1 cloak {MR+}
rCorr    .         Harm     .   (gloves unavailable)
MR       ++...                  (boots unavailable)
Stlth    ++++......             (no amulet)
Regen    0.1/turn               j - ring of ice
MPRegen  0.2/turn               (no ring)

@: very quick
A: unfitting armour, claws 1, thin skeletal structure 1, see invisible,
herbivore 3, speed 3, screaming 1, slow metabolism 2
a: Renounce Religion


You were on level 5 of the Dungeon.
You worshipped Sif Muna.
Sif Muna was noncommittal.
You were hungry.

You visited 2 branches of the dungeon, and saw 6 of its levels.

You collected 250 gold pieces.

Inventory:

Hand Weapons
 e - a +0 rapier (weapon)
Missiles
 n - 3 curare-tipped needles
Armour
 a - a +1 robe (worn)
 k - a +0 buckler (worn)
 l - a +1 cloak of magic resistance (worn)
Jewellery
 j - a ring of ice (left claw)
Scrolls
 d - a scroll of remove curse
 f - a scroll of identify
 i - 3 scrolls of teleportation
Books
 b - a book of Conjurations

   Spells                             Type                      Level
   a - Magic Dart                     Conjuration                  1
   b - Searing Ray                    Conjuration                  2
   c - Dazzling Spray                 Conjuration/Hexes            3
   d - Fulminant Prism                Conjuration/Hexes            4
   e - Force Lance                    Conjuration/Translocation    4
   f - Iskenderun's Mystic Blast      Conjuration                  4
 h - a book of Minor Magic

   Spells                             Type                      Level
   a - Magic Dart                     Conjuration                  1
   b - Blink                          Translocation                2
   c - Call Imp                       Summoning                    2
   d - Slow                           Hexes                        2
   e - Conjure Flame                  Conjuration/Fire             3
   f - Mephitic Cloud                 Conjuration/Poison/Air       3
Comestibles
 c - 4 bread rations
 g - 2 royal jellies
 m - 4 fruits


   Skills:
 + Level 1.3 Fighting
 + Level 1.9 Short Blades
 + Level 4.0 Dodging
 + Level 5.0 Stealth
 * Level 1.3 Shields
 * Level 4.2 Spellcasting
 + Level 4.0 Conjurations
 + Level 1.7 Hexes
 + Level 1.9 Translocations


You had one spell level left.
You knew the following spells:

 Your Spells              Type           Power        Failure   Level  Hunger
a - Magic Dart            Conj           ###.         4%          1    None
b - Dazzling Spray        Conj/Hex       ##....       22%         3    ###....
c - Force Lance           Conj/Tloc      ##......     58%         4    ####...
d - Slow                  Hex            #.......     19%         2    ##.....
e - Blink                 Tloc           N/A          17%         2    ##.....


Dungeon Overview and Level Annotations

Branches:
Dungeon (5/15)             Temple (1/1) D:4

Altars:
Fedhas
Kikubaaqudgha
Okawaru
Ru
Sif Muna
Uskayaw
Xom

Annotations:
D:5 Dowan, Duvessa


Innate Abilities, Weirdness & Mutations

You are very small and have problems with some larger weapons.
You are too small for most types of armour.
You have supernaturally acute eyesight. (SInv)
You are a herbivore.
You cover ground extremely quickly.
You need consume almost no food.
You have sharp fingernails.
You have a somewhat thin skeletal structure. (Dex +2, Stealth)
You occasionally shout uncontrollably at your foes.


Message History

Casting: Force Lance
Confirm with . or Enter, or press ? or * to list all spells.
Okay, then.
Casting: Force Lance
Confirm with . or Enter, or press ? or * to list all spells.
Aiming: Slow
Press: ? - help, Shift-Dir - straight line, f/p - sky beast
Aim: a sky beast (severely wounded, slightly transparent, chance to defeat MR: 44%)
The sky beast resists with some effort.
You hit the sky beast.
The sky beast is almost dead.
The sky beast hits you.
* * * LOW HITPOINT WARNING * * *
The sky beast shocks you.
* * * LOW HITPOINT WARNING * * *
An orc comes into view. It is wielding a trident.
The sky beast flickers out of sight for a moment.
You see here 17 gold pieces.
The sky beast hits you.
You die...

### ####
#########.########
....
.o.....$@Y.......####
####
#########...≈.......#
########.#####..##.#
.........# ..#
########.# ##. #
###.# #.. .#
#...###.##.# # ####.
#####.###>##.#.# ..
..... #....# ##....##
.#


You could see a sky beast (invisible) and an orc (sleeping).

Vanquished Creatures
  Eustachio (D:4)
  A centaur zombie (D:5)
  Crazy Yiuf (D:3)
  A bullfrog skeleton (D:5)
  An iguana (D:4)
  2 worker ants
  3 gnolls (D:5)
  2 adders (D:2)
  2 oozes
  4 dart slugs
  5 leopard geckos
  2 orcs
  A ball python (D:4)
  2 giant cockroaches
  9 hobgoblins
  7 jackals
  3 quokkas
  12 bats
  3 frilled lizards
  10 goblins
  A kobold (D:1)
  A leopard gecko skeleton (D:4)
  8 rats
  A fungus (D:3)
83 creatures vanquished.

Notes
Turn   | Place    | Note
-------+----------+-------------------------------------------
     0 | D:1      | JeffiDaFish the Spriggan Conjurer began the quest for the Orb.
     0 | D:1      | Reached XP level 1. HP: 9/9 MP: 5/5
   470 | D:1      | Reached XP level 2. HP: 13/13 MP: 3/6
  1065 | D:1      | Reached XP level 3. HP: 16/16 MP: 4/8
  1070 | D:1      | Learned a level 3 spell: Dazzling Spray
  2030 | D:2      | Reached XP level 4. HP: 21/21 MP: 2/9
  2240 | D:2      | Learned a level 4 spell: Force Lance
  2374 | D:2      | Reached skill level 4 in Stealth
  2860 | D:3      | Found a runed door.
  2864 | D:3      | Noticed Crazy Yiuf
  2879 | D:3      | Killed Crazy Yiuf
  3217 | D:3      | Gained mutation: You occasionally shout uncontrollably at your foes. [potion of mutation]
  3217 | D:3      | Gained mutation: You have a somewhat thin skeletal structure. (Dex +2, Stealth) [potion of mutation]
  3217 | D:3      | Gained mutation: You have sharp fingernails. [potion of mutation]
  3867 | D:4      | Reached XP level 5. HP: 23/25 MP: 0/11
  3956 | D:4      | Noticed Eustachio
  4580 | D:4      | Found a staircase to the Ecumenical Temple.
  4588 | Temple   | Entered the Ecumenical Temple
  4599 | Temple   | Became a worshipper of Sif Muna the Loreminder
  4824 | D:4      | Reached skill level 1 in Translocations
  5023 | D:4      | Reached skill level 1 in Short Blades
  5023 | D:4      | Reached skill level 1 in Hexes
  5045 | D:4      | Killed Eustachio
  5045 | D:4      | Reached skill level 1 in Fighting
  5045 | D:4      | Reached skill level 1 in Shields
  5045 | D:4      | Reached XP level 6. HP: 24/30 MP: 1/12
  5184 | D:5      | Entered Level 5 of the Dungeon
  5240 | D:5      | Noticed a sky beast
  5248 | D:5      | Noticed Duvessa
  5251 | D:5      | Noticed Dowan
  5298 | D:5      | Learned a level 2 spell: Slow
  5330 | D:5      | Learned a level 2 spell: Blink
  5442 | D:5      | Reached skill level 5 in Stealth
  5654 | D:5      | Slain by a sky beast

Skill      XL: |  1  2  3  4  5  6 |
---------------+-------------------+-----
Conjurations   | 3 4 |  4.0
Spellcasting   | 3 4 |  4.2
Stealth        | 4 5 |  5.0
Translocations | 1 |  1.9
Short Blades   | 1 |  1.9
Hexes          | 1 |  1.7
Fighting       | 1 |  1.3
Shields        | 1 |  1.3
Dodging        | 4 |  4.0

Action                   |  1- 3 |  4- 6 || total
-------------------------+-------+-------++-------
Melee: Dagger            |    25 |   169 ||   194
       Unarmed           |     1 |       ||     1
       Rapier            |       |    79 ||    79
 Cast: Magic Dart        |    73 |    88 ||   161
       Dazzling Spray    |     1 |    10 ||    11
       Slow              |       |     5 ||     5
  Use: Scroll            |     4 |     9 ||    13
       Potion            |     4 |     5 ||     9
 Stab: Sleeping          |     6 |     7 ||    13
       Invisible         |       |     8 ||     8
  Eat: Fruit             |       |     2 ||     2
       Royal jelly       |       |     1 ||     1
Armor: Robe              |     5 |    49 ||    54
Dodge: Dodged            |    28 |   233 ||   261
Block: Buckler           |       |    89 ||    89
